 Dungeon Crawl Stone Soup version 0.25.0-1-g7eea58d2a3 (webtiles) character file.

Game seed: 10142125665677014505

8876 Delamore the Basher (level 11, -6/68 HPs)
             Began as a Gargoyle Fighter on June 13, 2020.
             Was an Elder of Okawaru.
             Mangled by a komodo dragon (25 damage)
             ... on level 1 of the Lair of Beasts.
             The game lasted 00:11:50 (9265 turns).

Delamore the Basher (Gargoyle Fighter)              Turns: 9265, Time: 00:11:50

Health: -6/68      AC: 18    Str: 23    XL:     11   Next: 37%
Magic:  11/11      EV: 13    Int:  9    God:    Okawaru [****..]
Gold:   535        SH: 11    Dex:  9    Spells: 10/10 levels left

rFire    . . .     SeeInvis .   u - +2 flail (protect)
rCold    . . .     Gourm    .   c - +0 kite shield
rNeg     + . .     Faith    .   F - +0 swamp dragon scales
rPois    ∞         Spirit   .   (no helmet)
rElec    +         Reflect  .   D - +0 cloak
rCorr    +         Harm     .   b - +0 pair of gloves
MR       .....                  (no boots)
Stlth    ..........             (no amulet)
HPRegen  0.21/turn              h - +4 ring of evasion
MPRegen  0.12/turn              k - ring of resist corrosion

@: very slow
A: negative energy resistance 1, electricity resistance, unbreathing,
petrification resistance, rot immunity, AC +8
a: Heroism, Renounce Religion


You were on level 1 of the Lair of Beasts.
You worshipped Okawaru.
Okawaru was greatly pleased with you.
You were not hungry.

You visited 3 branches of the dungeon, and saw 11 of its levels.

You collected 535 gold pieces.

Inventory:

Hand Weapons
 a - a +0 flail
 u - a +2 flail of protection (weapon)
 y - a +2 whip of flaming
Missiles
 z - 10 atropa-tipped darts
 E - 4 throwing nets
 G - 6 silver javelins (quivered)
Armour
 b - a +0 pair of gloves (worn)
 c - a +0 kite shield (worn)
 D - a +0 cloak (worn)
 F - +0 swamp dragon scales (worn)
Jewellery
 h - a +4 ring of evasion (left hand)
 k - a ring of resist corrosion (right hand)
Wands
 w - a wand of random effects (37)
 B - a wand of polymorph (2)
Scrolls
 i - 3 scrolls of identify
 l - a scroll of blinking
 n - 3 scrolls of amnesia {unknown}
 o - 3 scrolls of random uselessness {unknown}
 p - 6 scrolls of teleportation {unknown}
 q - 3 scrolls of enchant armour {unknown}
 s - 3 scrolls of magic mapping {unknown}
 t - 2 scrolls of immolation {unknown}
 x - 3 scrolls of noise {unknown}
 J - a scroll of remove curse
Potions
 d - 6 potions of might
 e - 3 potions of flight
 g - 3 potions of curing
 j - a potion of stabbing
 m - a potion of haste
 r - 2 potions of brilliance
 v - 2 potions of ambrosia
 I - 2 potions of degeneration
Comestibles
 f - 18 rations


   Skills:
 + Level 8.2 Fighting
 - Level 14.0 Maces & Flails
 - Level 3.2 Armour
 + Level 8.2 Shields


You had 10 spell levels left.
You didn't know any spells.
Your spell library contained the following spells:

 Spells                   Type           Power        Failure   Level  Hunger
 Animate Skeleton         Necr           N/A          83%         1    ##.....
 Corona                   Hex            #......      83%         1    ##.....
 Pain                     Necr           #...         83%         1    ##.....
 Slow                     Hex            #.......     92%         2    ###....
 Inner Flame              Hex/Fire       #.......     99%         3    ####...
 Portal Projectile        Hex/Tloc       #.....       99%         3    ####...
 Static Discharge         Conj/Air       #.......     99%         3    ####...
 Vampiric Draining        Necr           #.........   99%         3    ####...
 Animate Dead             Necr           N/A          100%        4    #####..
 Cause Fear               Hex            #.........   100%        4    #####..
 Leda's Liquefaction      Hex/Erth       #.........   100%        4    #####..
 Agony                    Necr           #.......     100%        5    ######.
 Lightning Bolt           Conj/Air       #.........   100%        5    ######.
 Ignition                 Fire           #.........   100%        8    #######
 Shatter                  Erth           #.........   100%        9    #######
 Tornado                  Air            #.........   100%        9    #######


Dungeon Overview and Level Annotations

Branches:
Dungeon (9/15)             Temple (1/1) D:5            Lair (1/6) D:8
    Orc (0/2) D:9

Altars:
Ashenzari
Cheibriados
Dithmenos
Elyvilon
Fedhas
Gozag
Hepliaklqana
Kikubaaqudgha
Makhleb
Nemelex Xobeh
Okawaru
Qazlal
Ru
Sif Muna
Trog
Uskayaw
Vehumet
Wu Jian
Xom
Yredelemnul
Zin
The Shining One

Annotations:
Lair:1 Fannar


Innate Abilities, Weirdness & Mutations

You are resistant to torment.
Your stone body is resilient. (AC +8)
You are immune to poison.
You resist negative energy. (rN+)
You are resistant to electric shocks. (rElec)
You can survive without breathing.
You are immune to petrification.
You are immune to rotting.


Message History

Press: ? - help, Shift-Dir - straight line, f/p - Fannar
Aim: Fannar, wielding a +0 quarterstaff of freezing, wearing a +1 robe of cold resistance and wearing an uncursed ring of ice (lightly wounded, covered in an icy film)
You throw a silver javelin.
The silver javelin pierces through Fannar.
Fannar is lightly wounded.
The komodo dragon bites you!
Unknown command.
Unknown command.
The komodo dragon closely misses you.
You enter the shallow water.
Moving in this stuff is going to be slow.
The komodo dragon misses you.
Your unstable footing causes you to fumble your attack.
The komodo dragon bites you!! Why would you want to do that?
The komodo dragon bites you! The komodo dragon bites you.
* * * LOW HITPOINT WARNING * * *
The komodo dragon bites you!!
You die...

#.....## #.##...##
######..##
###.#### #####Y..#
##..≈≈..^##
##.≈≈Y≈≈≈.≈###
#.≈≈l≈≈≈≈≈≈..#
#≈≈@≈≈≈≈≈≈≈..##
##.≈≈≈≈..≈≈≈≈..#
#≈≈≈≈≈.<≈≈≈≈≈..P#
#..≈≈≈≈..≈≈≈.#..#
##.≈≈≈≈≈≈≈≈≈..#...
#..≈≈≈≈≈≈≈≈.#...#
##..≈≈≈≈≈.≈....
#P...≈.≈......
##.#.###≈.....


You could see a komodo dragon and 2 ice beasts.

Vanquished Creatures
  Harold (D:7)
  Pikel (D:4)
  A deep elf mage (D:9)
  2 trolls
  A hornet (D:8)
  A hippogriff (D:8)
  5 yaks (D:9)
  A vampire (D:9)
  Menkaure (D:5)
  A water moccasin (D:8)
  A black bear (D:6)
  6 orc warriors (D:9)
  3 sky beasts
  2 ice beasts
  5 phantoms
  8 ogres
  4 wolves (D:8)
  5 centaurs
  Blork the orc (D:4)
  4 bullfrogs
  2 scorpions
  9 wights
  2 electric eels (D:8)
  5 howler monkeys
  A centaur zombie (D:8)
  6 crimson imps
  5 hounds
  6 orc priests
  2 jellies
  Crazy Yiuf (D:5)
  3 bullfrog skeletons
  2 orc wizards
  2 centaur skeletons
  Jessica (D:2)
  4 iguanas
  5 worker ants
  Terence (D:2)
  A hound zombie (D:5)
  A hound skeleton (D:6)
  2 howler monkey zombies
  A worker ant zombie (D:8)
  10 gnolls
  11 adders
  An ooze (D:2)
  An adder skeleton (D:6)
  2 worms (D:2)
  2 dart slugs
  7 leopard geckos
  19 orcs
  3 ball pythons
  3 giant cockroaches
  7 goblins
  12 hobgoblins
  4 jackals
  10 kobolds
  4 quokkas
  8 bats
  9 frilled lizards
  A leopard gecko skeleton (D:5)
  A leopard gecko zombie (D:7)
  7 rats
  2 rat zombies (D:7)
240 creatures vanquished.

Vanquished Creatures (others)
  A slave (D:4)
  An orc (D:4)
2 creatures vanquished.

Grand Total: 242 creatures vanquished

Notes
Turn   | Place    | Note
-------+----------+-------------------------------------------
     0 | D:1      | Delamore the Gargoyle Fighter began the quest for the Orb.
     0 | D:1      | Reached XP level 1. HP: 14/14 MP: 1/1
   102 | D:1      | Reached XP level 2. HP: 19/19 MP: 2/2
   268 | D:1      | Reached skill level 3 in Maces & Flails
   585 | D:2      | Noticed Jessica
   596 | D:2      | Killed Jessica
   596 | D:2      | Reached XP level 3. HP: 16/23 MP: 3/3
   598 | D:2      | Noticed Terence
   606 | D:2      | Killed Terence
   606 | D:2      | Reached skill level 4 in Maces & Flails
   606 | D:2      | Reached XP level 4. HP: 15/28 MP: 4/4
   939 | D:2      | Reached skill level 5 in Maces & Flails
  1031 | D:2      | Reached XP level 5. HP: 32/32 MP: 5/5
  1816 | D:3      | Reached skill level 6 in Maces & Flails
  1816 | D:3      | Reached XP level 6. HP: 37/37 MP: 6/6
  1897 | D:3      | Found a stormy altar of Qazlal.
  1898 | D:3      | Noticed an air elemental
  1904 | D:3      | Noticed a fire elemental
  1905 | D:3      | Noticed a water elemental
  2184 | D:3      | Found a hide-covered altar of Uskayaw.
  2531 | D:3      | Found a sparkling altar of Nemelex Xobeh.
  2725 | D:4      | Reached skill level 7 in Maces & Flails
  2815 | D:4      | Found a glowing golden altar of the Shining One.
  2870 | D:4      | Noticed a slave
  2871 | D:4      | Noticed Pikel
  2871 | D:4      | Noticed a slave
  2872 | D:4      | Noticed a slave
  2874 | D:4      | Noticed a slave
  2904 | D:4      | Killed Pikel
  2904 | D:4      | Reached skill level 9 in Maces & Flails
  2904 | D:4      | Reached XP level 7. HP: 37/41 MP: 7/7
  2904 | D:4      | Reached XP level 8. HP: 42/46 MP: 8/8
  3576 | D:4      | Noticed Blork the orc
  3585 | D:4      | Killed Blork the orc
  3585 | D:4      | Reached skill level 10 in Maces & Flails
  3626 | D:5      | Entered Level 5 of the Dungeon
  3833 | D:5      | Reached skill level 11 in Maces & Flails
  3889 | D:5      | Reached XP level 9. HP: 32/51 MP: 9/9
  3895 | D:5      | Found a staircase to the Ecumenical Temple.
  3909 | Temple   | Entered the Ecumenical Temple
  4075 | Temple   | Became a worshipper of Warmaster Okawaru
  4263 | D:5      | Noticed Menkaure
  4271 | D:5      | Killed Menkaure
  4280 | D:5      | Found a runed translucent door.
  4281 | D:5      | Noticed Crazy Yiuf
  4542 | D:5      | Killed Crazy Yiuf
  4756 | D:6      | Reached skill level 12 in Maces & Flails
  4774 | D:6      | Reached * piety under Okawaru
  4961 | D:6      | Found a burning altar of Makhleb.
  4963 | D:6      | Noticed a blizzard demon
  5002 | D:6      | Found a basalt altar of Yredelemnul.
  5334 | D:6      | Reached skill level 13 in Maces & Flails
  5626 | D:7      | Noticed Harold
  5656 | D:7      | Killed Harold
  5656 | D:7      | Reached ** piety under Okawaru
  5656 | D:7      | Reached XP level 10. HP: 22/56 MP: 10/10
  5851 | D:7      | Found a blossoming altar of Fedhas.
  6114 | D:7      | Found a shimmering altar of Xom.
  6116 | D:7      | Found a hazy altar of Hepliaklqana.
  6118 | D:7      | Noticed a spectral ugly thing
  6253 | D:7      | Reached skill level 14 in Maces & Flails
  6333 | D:7      | Found an ancient bone altar of Kikubaaqudgha.
  6601 | D:8      | Found a glowing silver altar of Zin.
  6632 | D:8      | Found a staircase to the Lair.
  6664 | D:8      | Reached *** piety under Okawaru
  6710 | D:8      | Reached skill level 5 in Shields
  6976 | D:8      | Reached skill level 5 in Fighting
  7736 | D:9      | Reached **** piety under Okawaru
  8032 | D:9      | Reached XP level 11. HP: 43/66 MP: 11/11
  8695 | D:9      | Received a gift from Okawaru
  8764 | D:9      | Found a shattered altar of Ashenzari.
  8802 | D:9      | Found a staircase to the Orcish Mines.
  9034 | D:9      | Found a hide-covered altar of Uskayaw.
  9035 | D:9      | Noticed a deep elf mage
  9049 | D:9      | Killed a deep elf mage
  9203 | Lair:1   | Entered Level 1 of the Lair of Beasts
  9236 | Lair:1   | Noticed Fannar
  9265 | Lair:1   | Mangled by a komodo dragon

Illustrated notes

Levels and vault maps discovered:
D:1:      tarquinn_simple_flora_water_d, layout_rooms, minmay_misc_feat_encased
D:2:      minmay_chambers_of_ones, layout_rooms, hex_intersection,
          minmay_guardbox, uniq_jessica, uniq_terence
D:3:      minmay_door_path, layout_basic, lemuel_crystal_altar,
          nicolae_qazlal_style_of_elements, nemelex_altar_shiori, first_ration
D:4:      layout_loops_ring, marbit_many_paths, kennysheep_cross_room,
          kennysheep_generic_room_15, uniq_blork_the_orc, uniq_pikel
D:5:      layout_cave_pools, minmay_temple_entry_tees, uniq_crazy_yiuf_cottage,
          uniq_menkaure
D:6:      layout_loops_ring, yredelemnul_altar_generic,
          makhleb_altar_promises_db, minmay_misc_feat_roman
D:7:      layout_rooms, regret_index_temple_of_mockery, fedhas_ov_isle_minmay,
          lemuel_zombie_altar_kikubaaqudgha, grunt_ogre_cave,
          hangedman_decor_growths, uniq_harold
D:8:      layout_gridville, lemuel_doored_altar, erik_lair_island
D:9:      layout_irregular_city, kennysheep_mini_moat, david_orc_3,
          david_defended_altar_elf
Temple:   cyrus_temple_forest
Lair:1:   layout_cave_pods, worms_lemuel, infiniplex_staircase_pool_2,
          uniq_fannar, uniq_erica, uniq_gastronok

Skill      XL: |  1  2  3  4  5  6  7  8  9 10 11 |
---------------+----------------------------------+-----
Maces & Flails | 3 4 5 6 9 11 13 14 | 14.0
Fighting       | 6 8 |  8.2
Shields        | 6 8 |  8.2
Armour         | |  3.2

Action                   |  1- 3 |  4- 6 |  7- 9 | 10-12 || total
-------------------------+-------+-------+-------+-------++-------
Melee: Flail             |    59 |   271 |   323 |   505 ||  1158
       Unarmed           |       |       |     4 |       ||     4
Throw: Javelin           |       |       |       |     2 ||     2
       Dart              |       |       |       |     1 ||     1
Invok: Heroism           |       |       |       |     3 ||     3
  Use: Potion            |       |       |       |     8 ||     8
       Scroll            |       |       |       |     4 ||     4
 Stab: Confused          |       |       |     1 |       ||     1
  Eat: Chunk             |       |     7 |     9 |    12 ||    28
Armor: Scale mail        |    13 |   150 |   105 |       ||   268
       Skin              |       |       |     1 |   119 ||   120
       Swamp dragon scal |       |       |    27 |   157 ||   184
Dodge: Dodged            |    25 |   174 |   123 |   180 ||   502
Block: Kite shield       |    35 |   160 |   115 |   245 ||   555
